 Dungeon Crawl Stone Soup version 0.32-a0-540-g866d13106e (webtiles) character file.

Game seed: 3501240749846797960

352 jasper the Insei (level 6, -2/43 HPs)
             Began as a Merfolk Shapeshifter on Feb 28, 2024.
             Was a Priest of Fedhas.
             Slain by Terence
             ... wielding a +0 flail
              (9 damage)
             ... on level 3 of the Dungeon.
             The game lasted 00:04:33 (2651 turns).

jasper the Insei (Merfolk Shapeshifter)             Turns: 2651, Time: 00:04:34

Health: -2/43      AC:  6    Str: 14    XL:     6   Next: 61%
Magic:  15/15      EV: 11    Int:  9    God:    Fedhas [***...]
Gold:   232        SH:  0    Dex: 16    Spells: 5/5 levels left

rFire   . .          .
                       - Unarmed
rCold   . . .        (no shield)
rNeg    . . .        i - +1 ring mail
rPois   .            (helmet currently unavailable)
rElec   .            (cloak currently unavailable)
rCorr   .            (gloves currently unavailable)
SInv    .            (boots currently unavailable)
Will    .....        (no amulet)
Stlth   +            f - ring of magical power
HPRegen 0.27/turn    (no ring)
MPRegen 0.14/turn

%: no passive effects
@: beast-form
A: beast (slay +2), (nimble swimmer 2), mertail
a: Begin Untransformation, Renounce Religion, Wall of Briars, Grow
Ballistomycete


You were on level 3 of the Dungeon.
You worshipped Fedhas.
Fedhas was most pleased with you.
You were a hulking beast.
You visited 1 branch of the dungeon, and saw 3 of its levels.

You collected 232 gold pieces.

Inventory:

Missiles
 h - 21 stones (quivered)
Armour
 a - a +0 animal skin
 e - a +0 helmet
 g - a +0 cloak
 i - a +1 ring mail (worn)
Jewellery
 f - a ring of magical power (left hand)
Talismans
 c - a beast talisman (active)
 d - a flux talisman
Scrolls
 b - a scroll of fog
 j - a scroll of identify
 o - 2 scrolls of teleportation
Potions
 k - 3 potions of haste
 p - 2 potions of heal wounds
 s - 2 potions of ambrosia {unknown}


   Skills:
 - Level 1.1 Fighting
 - Level 2.6 Dodging
 + Level 7.9 Unarmed Combat
 - Level 4.0 Shapeshifting


You had 5 spell levels left.
You didn't know any spells.
Your spell library contained the following spells:

 Spells                   Type           Power      Damage    Failure   Level
 Sandblast                Erth           0%         2d4       63%         1
 Ensorcelled Hibernation  Hex/Ice        0%         N/A       77%         2
 Fugue of the Fallen      Necr           0%         N/A       94%         3
 Anguish                  Hex/Necr       0%         N/A       100%        4
 Brom's Barrelling Bould  Conj/Erth      0%         2d3       100%        4
 Bombard                  Conj/Erth      0%         9d1       100%        6


Dungeon Overview and Level Annotations

Branches:
Dungeon (3/15)

Altars:
Fedhas
Xom

Annotations:
D:3 Terence


Innate Abilities, Weirdness & Mutations

You are a hulking beast.
Your limbs bulge with bestial killing power. (Slay +2)
((You are very nimble when in or above water. (Stealth+, EV+, Speed+++)))
Your lower body shifts to a powerful aquatic tail in water.


Message History

Terence completely misses you.
You hit Terence.
Terence is lightly wounded.
Terence hits you with a +0 flail!
You take 9 damage, and have 29/43 hp.
MASSIVE DAMAGE!!
You hit Terence but do no damage.
Terence is lightly wounded.
Terence completely misses you.
You punch Terence!
Terence is moderately wounded.
Terence hits you with a +0 flail!
You take 8 damage, and have 21/43 hp.
You hit Terence.
Terence is heavily wounded.
You hit Terence.
Terence is severely wounded.
Terence hits you with a +0 flail.
You take 4 damage, and have 17/43 hp.
You hit Terence.
Terence is severely wounded.
Terence misses you.
You hit Terence.
Terence is almost dead.
Terence shouts, "DIE!!!"
Terence hits you with a +0 flail.
You take 2 damage, and have 15/43 hp.
You completely miss Terence.
Terence is almost dead.
Terence barely misses you.
You hit Terence.
Terence is almost dead.
Terence hits you with a +0 flail!
* * * LOW HITPOINT WARNING * * *
You take 8 damage, and have 7/43 hp.
You hit Terence.
Terence is almost dead.
Terence hits you with a +0 flail!
You die...
Terence says, "That felt goooood."
Fedhas appreciates your contribution to the ecosystem.

##..# #......# #|##
#####..## #......# ##.#
## ######...)...#
#####.####..# ##.
#......###...# #.#
#..## #.. #.######
#...# ####.###.## ##.#
.. #...# #........#
###..# ##
#...####......###
#...## #.....##>......#
#.### #.....@h..###..#
#.# #.........###..#
##.# ##.....⌠.....##.#
#..#
...........##[...###.##
#####......####..##.)#
#.###### ##..#.## #.#
##...# #. #...# #...#


You could see Terence.

Vanquished Creatures
  Sigmund (D:3)
  A hound (D:3)
  An orc priest (D:3)
  Robin (D:3)
  3 adders
  A ribbon worm (D:3)
  2 dart slugs
  5 ball pythons
  8 bats
  6 endoplasms
  A giant cockroach (D:2)
  11 goblins
  10 hobgoblins
  3 jackals (D:1)
  8 kobolds
  7 quokkas
  4 frilled lizards
  10 rats
83 creatures vanquished.

Notes
Turn   | Place    | Note
-------+----------+-------------------------------------------
     0 | D:1      | jasper the Merfolk Shapeshifter began the quest for the
                  | Orb.
     0 | D:1      | Reached XP level 1. HP: 15/15 MP: 1/1
   312 | D:1      | Reached XP level 2. HP: 20/21 MP: 2/2
   329 | D:1      | Found a faded altar of an unknown god.
   346 | D:1      | Prayed at the altar of an unknown god.
   346 | D:1      | Became a worshipper of Fedhas Madash
   346 | D:1      | Reached * piety under Fedhas
   352 | D:1      | Reached skill level 4 in Unarmed Combat
   607 | D:1      | Reached XP level 3. HP: 24/26 MP: 3/3
   699 | D:1      | Reached ** piety under Fedhas
  1170 | D:2      | Reached skill level 5 in Unarmed Combat
  1228 | D:2      | Reached XP level 4. HP: 29/32 MP: 4/4
  1487 | D:2      | Found a shimmering altar of Xom.
  1978 | D:3      | Noticed Sigmund
  1988 | D:3      | Killed Sigmund
  1989 | D:3      | Reached skill level 7 in Unarmed Combat
  1989 | D:3      | Reached XP level 5. HP: 37/37 MP: 5/5
  1989 | D:3      | Reached XP level 6. HP: 43/43 MP: 6/6
  2071 | D:3      | Noticed Robin
  2077 | D:3      | Killed Robin
  2123 | D:3      | Got Sif Muna's Opusculum on Silt
  2135 | D:3      | Reached *** piety under Fedhas
  2636 | D:3      | Noticed Terence
  2651 | D:3      | Slain by Terence

Illustrated notes

Levels and vault maps discovered:
D:1:      dpeg_arrival_leaves_temple_mockup, layout_loops_ring,
          chequers_ecumenical_altar_simple_redux
D:2:      layout_basic, basic_altar, kennysheep_minor_cross, chequers_big_river,
          minmay_between
D:3:      layout_rooms, dreamdust_wishing_well, saegor_snake_ambush,
          uniq_sigmund, uniq_robin, uniq_terence

Skill      XL: |  1  2  3  4 |
---------------+-------------+-----
Unarmed Combat | 4 5 7 |  7.9
Fighting       | |  1.1
Dodging        | |  2.6
Shapeshifting  | |  4.0

Action                     |  1- 3 |  4- 6 || total
---------------------------+-------+-------++-------
  Melee: Unarmed           |    94 |   108 ||   202
         Punch             |     4 |     6 ||    10
  Throw: Stone             |     3 |     3 ||     6
    Use: Scroll            |       |     9 ||     9
         Potion            |       |     1 ||     1
 Armour: Ring mail         |    54 |    56 ||   110
         Animal skin       |     2 |       ||     2
         Skin              |       |     2 ||     2
  Dodge: Dodged            |    44 |    59 ||   103

Table legend: (Time is in decaauts)
 A = Elapsed time spent in this place.
 B = Non-inter-level travel time spent in this place.
 C = Inter-level travel time spent in this place.
 D = Time resting spent in this place.
 E = Time spent auto-exploring this place.
 F = Levels seen in this place.
 G = Mean time per level.
                   A        B        C        D        E       F      G
               +--------+--------+--------+--------+--------+-----+--------+
         Total |   2603 |   2524 |     79 |    139 |   1840 |   3 |  867.7 |
       Dungeon |   2603 |   2524 |     79 |    139 |   1840 |   3 |  867.7 |
               +--------+--------+--------+--------+--------+-----+--------+

Top non-repeatable levels by time:
     D:1: 1093 daAuts
     D:2: 859 daAuts
     D:3: 650 daAuts
